RedWings vs Predators

Created - October 4, 2015 at 10:13

Simulating a Pre-Season

Goals
1 2 3 T
RedWings 0 0 1 1
Predators 0 1 1 2
Shots
1 2 3 T
RedWings 9 10 10 29
Predators 4 13 9 26

1st period

No Goal

Penalties :
Oscar Klefbom (NSH) for Interference (Minor) at 0:11

2nd period

1. Predators , Jaden Schwartz 4 (Roman Josi, Derick Brassard) at 18:20

Penalties :
Andrew Campbell (DET) for Roughing (Minor) at 10:13, T.J. Oshie (NSH) for Hooking (Minor) at 19:15, Zach Trotman (DET) for Interference (Minor) at 19:15

3rd period

2. RedWings , David Pastrnak 1 (Jonathan Drouin, Andrew Campbell) at 13:09
3. Predators , Jaden Schwartz 5 (Derick Brassard, Oscar Klefbom) at 17:38

Penalties :
Kevin Hayes (NSH) for High sticking (Minor) at 1:34, Max Pacioretty (NSH) for Tripping (Minor) at 8:55, Eric Gryba (DET) for Roughing (Double Minor) at 8:55

Goalie Stats

John Gibson (DET), 24 saves from 26 shots - (0.923), L, 1-5-0, 59:57 minutes
Pekka Rinne (NSH), 28 saves from 29 shots - (0.966), W, 2-0-1, 60:00 minutes

Players Stats for RedWings

Player Name              G  A  P  +/- PIM S  H  SB GA TA FO     MP     PP MP  PK MP  
------------------------------------------------------------------------------------
Alexandre Burrows        0  0  0  -2  0   2  1  0  0  0  2/4    16:52   1:23   0:00 
Andrew Campbell          0  1  1   0  2   1  0  1  0  0  0/0    21:45   1:39   0:12 
Andrew Cogliano          0  0  0   1  0   2  1  0  0  0  4/10   13:15   0:00   0:00 
David Pastrnak           1  0  1   1  0   1  0  1  0  0  0/0    13:01   0:00   0:59 
Eric Gryba               0  0  0   0  4   1  3  3  0  0  0/0    20:47   1:39   0:50 
Filip Forsberg           0  0  0   0  0   2  2  0  0  0  2/2    21:09   1:23   1:52 
Jake Gardiner            0  0  0   0  0   1  1  1  0  0  0/0    24:29   2:19   2:37 
Jonathan Drouin          0  1  1   1  0   2  0  0  0  0  2/2    12:02   0:00   0:00 
Kevin Connauton          0  0  0  -1  0   0  0  1  0  0  0/0    14:11   0:00   1:13 
Loui Eriksson            0  0  0  -2  0   0  0  1  0  0  1/1    19:35   2:35   1:19 
Mikhail Grabovski        0  0  0   0  0   0  0  0  0  0  4/6     6:03   0:00   0:00 
Paul Martin              0  0  0   0  0   0  1  3  0  0  0/0    23:59   2:19   1:44 
Sam Gagner               0  0  0   0  0   2  0  0  0  0  9/21   15:39   1:23   0:00 
Sean Bergenheim          0  0  0   0  0   1  0  0  0  0  0/0     6:03   0:00   0:00 
Sean Monahan             0  0  0  -2  0   7  0  1  0  0  17/37  27:02   2:35   2:40 
Tyler Toffoli            0  0  0   0  0   6  1  1  0  0  0/0    18:26   2:35   1:08 
Vincent Lecavalier       0  0  0   0  0   0  0  0  0  0  1/1     2:56   0:00   0:00 
Zach Trotman             0  0  0  -1  2   1  2  0  0  0  0/0    14:46   0:00   1:22 

Players Stats for Predators

Player Name              G  A  P  +/- PIM S  H  SB GA TA FO     MP     PP MP  PK MP  
------------------------------------------------------------------------------------
Anton Stralman           0  0  0   0  0   1  1  1  0  0  0/0    20:27   1:58   1:52 
Artem Anisimov           0  0  0  -1  0   2  0  0  0  0  0/1    14:41   2:01   0:00 
Cody Franson             0  0  0   0  0   4  1  2  0  0  0/0    18:27   2:01   2:06 
Derick Brassard          0  2  2   2  0   1  4  0  0  0  10/22  19:30   1:47   0:00 
J.T. Miller              0  0  0   2  0   2  3  0  0  0  0/0    10:18   1:48   0:00 
Jaden Schwartz           2  0  2   2  0   3  0  1  0  0  0/0    20:50   1:47   2:58 
Joe Colborne             0  0  0   0  0   1  0  1  0  0  1/3     6:31   0:00   1:00 
Kevin Hayes              0  0  0  -1  2   1  1  0  0  0  0/0    13:22   0:00   0:00 
Max Pacioretty           0  0  0   0  2   3  1  0  0  0  0/0    19:02   2:25   0:00 
Nicklas Backstrom        0  0  0   0  0   1  0  0  0  0  19/32  24:13   2:12   2:58 
Oscar Klefbom            0  1  1   1  2   0  0  2  0  0  0/0    17:46   0:00   0:00 
Roman Josi               0  1  1   1  0   1  2  1  0  0  0/0    22:58   1:58   0:00 
Steven Stamkos           0  0  0   0  0   1  1  0  0  0  0/0     8:32   0:00   0:00 
T.J. Oshie               0  0  0   0  2   2  4  0  0  0  0/2    17:52   1:58   0:00 
Valtteri Filppula        0  0  0  -1  0   3  0  0  0  0  9/21   13:40   0:00   1:00 
Vladislav Namestnikov    0  0  0   0  0   0  0  0  0  0  3/3     5:31   0:00   0:00 
Zach Bogosian            0  0  0   0  0   0  3  3  0  0  0/0    21:48   0:00   1:52 
Zbynek Michalek          0  0  0   0  0   0  0  2  0  0  0/0    16:32   0:00   2:06 

3 Stars

1 - Jaden Schwartz (NSH)
2 - Derick Brassard (NSH)
3 - Pekka Rinne (NSH)

Power Play

RedWings - 0 on 2 Attempt(s) - 0.00%
Predators - 0 on 2 Attempt(s) - 0.00%

Penalty Kill

RedWings - 2 on 2 Attempt(s) - 100.00% - Score 0 goal in Penalty Kill
Predators - 2 on 2 Attempt(s) - 100.00% - Score 0 goal in Penalty Kill

Team Stat

RedWings - Hits : 12 - Faceoff Wins : 42 - Blocked Shots : 13 - Penalty Minutes : 8
Predators - Hits : 21 - Faceoff Wins : 42 - Blocked Shots : 13 - Penalty Minutes : 8

Official

Referees : Mike Leggo and Kendrick Nicholson
Linesman : John Grandt and Tim Nowak

Game Notes

Steven Stamkos is injured at 8:29 of 2nd period (Sprained Right Ankle)

% Time on Ice - RedWings

Lines # - Real PCT - Wanted PCT - Time Play
Normal Forward
1 - 30% - 35% - 14:16
2 - 32% - 35% - 15:29
3 - 25% - 20% - 12:02
4 - 13% - 10% - 6:03
Normal Defense
1 - 34% - 40% - 16:20
2 - 38% - 30% - 18:07
3 - 26% - 20% - 12:12
4 - 2% - 10% - 1:11
PP Forward
1 - 65% - 60% - 2:35
2 - 35% - 40% - 1:23
PP Defense
1 - 58% - 60% - 2:19
2 - 42% - 40% - 1:39
PK Forward
1 - 72% - 60% - 2:51
2 - 28% - 40% - 1:08
PK Defense
1 - 44% - 60% - 1:44
2 - 56% - 40% - 2:15
PK3 Forward
1 - 0% - 60%
2 - 0% - 40%
PK3 Defense
1 - 0% - 60%
2 - 0% - 40%
44 Forward
1 - 95% - 60% - 3:46
2 - 5% - 40% - 0:12
44 Defense
1 - 45% - 60% - 1:47
2 - 55% - 40% - 2:11
Last Minute Offensive  - 0:15
Last Minute Defensive  - 0:00
Total
Forward - 60:00
Defense - 60:00

% Time on Ice - Predators

Lines # - Real PCT - Wanted PCT - Time Play
Normal Forward
1 - 31% - 34% - 14:59
2 - 31% - 32% - 14:55
3 - 26% - 24% - 12:34
4 - 11% - 10% - 5:31
Normal Defense
1 - 32% - 33% - 15:23
2 - 31% - 32% - 15:03
3 - 30% - 25% - 14:20
4 - 7% - 10% - 3:13
PP Forward
1 - 55% - 54% - 2:12
2 - 45% - 46% - 1:47
PP Defense
1 - 49% - 60% - 1:58
2 - 51% - 40% - 2:01
PK Forward
1 - 75% - 60% - 2:58
2 - 25% - 40% - 1:00
PK Defense
1 - 53% - 60% - 2:06
2 - 47% - 40% - 1:52
PK3 Forward
1 - 0% - 60%
2 - 0% - 40%
PK3 Defense
1 - 0% - 60%
2 - 0% - 40%
44 Forward
1 - 92% - 60% - 3:38
2 - 8% - 40% - 0:20
44 Defense
1 - 61% - 60% - 2:24
2 - 39% - 40% - 1:34
Last Minute Offensive  - 0:00
Last Minute Defensive  - 0:06
Total
Forward - 60:00
Defense - 60:00

Play by Play

1st period


0:01 of 1st period - Filip Forsberg wins face-off versus Nicklas Backstrom in neutral zone.
0:06 of 1st period - Shot by Filip Forsberg.
0:06 of 1st period - Shot Blocked by Roman Josi.
0:09 of 1st period - Filip Forsberg is hit by Roman Josi and loses puck.
0:11 of 1st period - Minor Penalty to Oscar Klefbom for Interference.
0:12 of 1st period - Sean Monahan wins face-off versus Nicklas Backstrom in Predators zone.
0:51 of 1st period - Shot by Tyler Toffoli.
0:51 of 1st period - Stopped by Pekka Rinne without a rebound.
0:52 of 1st period - Valtteri Filppula wins face-off versus Alexandre Burrows in Predators zone.
1:16 of 1st period - Shot by Filip Forsberg.
1:16 of 1st period - Shot Blocked by Jaden Schwartz.
1:36 of 1st period - Off-side.
1:37 of 1st period - Nicklas Backstrom wins face-off versus Sean Monahan in neutral zone.
2:23 of 1st period - Shot by Artem Anisimov.
2:23 of 1st period - Shot Misses the Net.
2:35 of 1st period - Shot by Jonathan Drouin.
2:35 of 1st period - Stopped by Pekka Rinne with a rebound.
2:39 of 1st period - Shot by Andrew Cogliano.
2:39 of 1st period - Stopped by Pekka Rinne with a rebound.
2:54 of 1st period - Icing by Roman Josi.
2:55 of 1st period - Sean Monahan wins face-off versus Valtteri Filppula in Predators zone.
3:35 of 1st period - Shot by Sean Monahan.
3:35 of 1st period - Stopped by Pekka Rinne without a rebound.
3:36 of 1st period - Nicklas Backstrom wins face-off versus Sam Gagner in Predators zone.
3:36 of 1st period - Nicklas Backstrom is hit by Filip Forsberg.
4:11 of 1st period - Shot by T.J. Oshie.
4:11 of 1st period - Stopped by John Gibson without a rebound.
4:12 of 1st period - Andrew Cogliano wins face-off versus Derick Brassard in RedWings zone.
4:12 of 1st period - Andrew Cogliano is hit by Derick Brassard.
5:27 of 1st period - Icing by Paul Martin.
5:28 of 1st period - Sean Monahan wins face-off versus Joe Colborne in RedWings zone.
6:06 of 1st period - Shot by Loui Eriksson.
6:06 of 1st period - Shot Blocked by Joe Colborne.
6:12 of 1st period - Shot by Sean Monahan.
6:12 of 1st period - Shot Blocked by Oscar Klefbom.
6:41 of 1st period - Shot by Tyler Toffoli.
6:41 of 1st period - Stopped by Pekka Rinne without a rebound.
6:42 of 1st period - Mikhail Grabovski wins face-off versus Derick Brassard in Predators zone.
6:43 of 1st period - Shot by Sean Monahan.
6:43 of 1st period - Deflect By Mikhail Grabovski.
6:43 of 1st period - Shot Blocked by Zach Bogosian.
7:10 of 1st period - Icing by Eric Gryba.
7:11 of 1st period - Nicklas Backstrom wins face-off versus Mikhail Grabovski in RedWings zone.
7:14 of 1st period - Shot by Max Pacioretty.
7:14 of 1st period - Shot Blocked by Sean Monahan.
7:40 of 1st period - Shot by Nicklas Backstrom.
7:40 of 1st period - Shot Misses the Net.
8:16 of 1st period - Off-side.
8:17 of 1st period - Valtteri Filppula wins face-off versus Sam Gagner in neutral zone.
9:15 of 1st period - Icing by Oscar Klefbom.
9:16 of 1st period - Valtteri Filppula wins face-off versus Andrew Cogliano in Predators zone.
9:35 of 1st period - Icing by Max Pacioretty.
9:36 of 1st period - Nicklas Backstrom wins face-off versus Sean Monahan in Predators zone.
9:36 of 1st period - Nicklas Backstrom is hit by Alexandre Burrows.
9:42 of 1st period - Sean Monahan is hit by Max Pacioretty and loses puck.
9:48 of 1st period - Loui Eriksson is hit by Zach Bogosian and loses puck.
9:57 of 1st period - Shot by Sean Monahan.
9:57 of 1st period - Stopped by Pekka Rinne without a rebound.
9:58 of 1st period - Jonathan Drouin wins face-off versus Derick Brassard in Predators zone.
10:19 of 1st period - Shot by David Pastrnak.
10:19 of 1st period - Shot Misses the Net.
10:37 of 1st period - Shot by David Pastrnak.
10:37 of 1st period - Shot Misses the Net.
10:39 of 1st period - Shot by Jonathan Drouin.
10:39 of 1st period - Stopped by Pekka Rinne without a rebound.
10:40 of 1st period - Sam Gagner wins face-off versus Nicklas Backstrom in Predators zone.
10:57 of 1st period - Shot by Sam Gagner.
10:57 of 1st period - Shot Misses the Net.
10:59 of 1st period - Shot by Andrew Campbell.
10:59 of 1st period - Stopped by Pekka Rinne with a rebound.
11:05 of 1st period - Shot by Tyler Toffoli.
11:05 of 1st period - Stopped by Pekka Rinne without a rebound.
11:06 of 1st period - Sean Monahan wins face-off versus Valtteri Filppula in Predators zone.
11:37 of 1st period - Kevin Hayes is hit by Zach Trotman and loses puck.
12:32 of 1st period - Shot by Jaden Schwartz.
12:32 of 1st period - Shot Blocked by Loui Eriksson.
12:54 of 1st period - Shot by Max Pacioretty.
12:54 of 1st period - Shot Misses the Net.
12:56 of 1st period - Shot by Cody Franson.
12:56 of 1st period - Stopped by John Gibson without a rebound.
12:57 of 1st period - Vladislav Namestnikov wins face-off versus Sam Gagner in RedWings zone.
13:31 of 1st period - Shot by Vladislav Namestnikov.
13:31 of 1st period - Deflect By J.T. Miller.
13:31 of 1st period - Shot Blocked by Jake Gardiner.
14:05 of 1st period - Eric Gryba is hit by T.J. Oshie and loses puck.
14:26 of 1st period - Shot by Andrew Cogliano.
14:26 of 1st period - Shot Misses the Net.
15:50 of 1st period - Icing by Andrew Campbell.
15:51 of 1st period - Sam Gagner wins face-off versus Valtteri Filppula in RedWings zone.
16:00 of 1st period - Shot by Valtteri Filppula.
16:00 of 1st period - Shot Misses the Net.
16:02 of 1st period - Shot by Kevin Hayes.
16:02 of 1st period - Stopped by John Gibson without a rebound.
16:03 of 1st period - Vladislav Namestnikov wins face-off versus Sean Monahan in RedWings zone.
16:03 of 1st period - Vladislav Namestnikov is hit by Zach Trotman.
17:00 of 1st period - Icing by Zach Trotman.
17:01 of 1st period - Derick Brassard wins face-off versus Sean Monahan in RedWings zone.
17:29 of 1st period - Off-side.
17:30 of 1st period - Nicklas Backstrom wins face-off versus Sam Gagner in neutral zone.
17:38 of 1st period - T.J. Oshie is hit by Filip Forsberg and loses puck.
18:07 of 1st period - Shot by Tyler Toffoli.
18:07 of 1st period - Shot Misses the Net.
18:14 of 1st period - Off-side.
18:15 of 1st period - Andrew Cogliano wins face-off versus Valtteri Filppula in neutral zone.
18:29 of 1st period - Shot by Valtteri Filppula.
18:29 of 1st period - Stopped by John Gibson without a rebound.
18:30 of 1st period - Sean Monahan wins face-off versus Derick Brassard in RedWings zone.
19:37 of 1st period - Paul Martin is hit by T.J. Oshie and loses puck.
Goals for this period are 0 for RedWings vs 0 for Predators.
Shots for this period are 9 for RedWings vs 4 for Predators.

2nd period


0:01 of 2nd period - Valtteri Filppula wins face-off versus Sean Monahan in neutral zone.
0:18 of 2nd period - Alexandre Burrows is hit by Zach Bogosian and loses puck.
0:27 of 2nd period - Shot by Sean Monahan.
0:27 of 2nd period - Stopped by Pekka Rinne with a rebound.
0:29 of 2nd period - Shot by Jake Gardiner.
0:29 of 2nd period - Stopped by Pekka Rinne without a rebound.
0:30 of 2nd period - Nicklas Backstrom wins face-off versus Sam Gagner in Predators zone.
0:53 of 2nd period - Shot by T.J. Oshie.
0:53 of 2nd period - Shot Misses the Net.
0:57 of 2nd period - Shot by T.J. Oshie.
0:57 of 2nd period - Stopped by John Gibson without a rebound.
0:58 of 2nd period - Sean Monahan wins face-off versus Derick Brassard in RedWings zone.
0:58 of 2nd period - Sean Monahan is hit by Steven Stamkos.
1:01 of 2nd period - Icing by Loui Eriksson.
1:02 of 2nd period - Derick Brassard wins face-off versus Sean Monahan in RedWings zone.
1:02 of 2nd period - Anton Stralman is hit by Paul Martin and loses puck.
1:23 of 2nd period - Shot by Alexandre Burrows.
1:23 of 2nd period - Stopped by Pekka Rinne with a rebound.
1:25 of 2nd period - Shot by Sean Monahan.
1:25 of 2nd period - Shot Misses the Net.
1:27 of 2nd period - Shot by Jake Gardiner.
1:27 of 2nd period - Shot Blocked by Zach Bogosian.
1:43 of 2nd period - Off-side.
1:44 of 2nd period - Valtteri Filppula wins face-off versus Sam Gagner in neutral zone.
3:18 of 2nd period - Shot by Nicklas Backstrom.
3:18 of 2nd period - Shot Blocked by Eric Gryba.
3:37 of 2nd period - Shot by Jaden Schwartz.
3:37 of 2nd period - Shot Blocked by Andrew Campbell.
3:39 of 2nd period - Shot by Zach Bogosian.
3:39 of 2nd period - Shot Blocked by Eric Gryba.
3:41 of 2nd period - Shot by Steven Stamkos.
3:41 of 2nd period - Stopped by John Gibson without a rebound.
3:42 of 2nd period - Sean Monahan wins face-off versus Joe Colborne in RedWings zone.
4:10 of 2nd period - Shot by J.T. Miller.
4:10 of 2nd period - Shot Misses the Net.
5:30 of 2nd period - Off-side.
5:31 of 2nd period - Nicklas Backstrom wins face-off versus Mikhail Grabovski in neutral zone.
5:44 of 2nd period - Shot by Sean Monahan.
5:44 of 2nd period - Stopped by Pekka Rinne without a rebound.
5:45 of 2nd period - Mikhail Grabovski wins face-off versus Artem Anisimov in Predators zone.
7:45 of 2nd period - Off-side.
7:46 of 2nd period - Derick Brassard wins face-off versus Alexandre Burrows in neutral zone.
7:57 of 2nd period - Shot by Loui Eriksson.
7:57 of 2nd period - Shot Misses the Net.
7:59 of 2nd period - Shot by Alexandre Burrows.
7:59 of 2nd period - Shot Blocked by Zach Bogosian.
8:28 of 2nd period - Steven Stamkos is hit by Eric Gryba and loses puck.
8:29 of 2nd period - Steven Stamkos from Predators is injured at 8:29 of 2nd period (Sprained Right Ankle).
8:30 of 2nd period - Sam Gagner wins face-off versus Valtteri Filppula in RedWings zone.
8:47 of 2nd period - Shot by Tyler Toffoli.
8:47 of 2nd period - Stopped by Pekka Rinne without a rebound.
8:48 of 2nd period - Vladislav Namestnikov wins face-off versus Andrew Cogliano in Predators zone.
8:55 of 2nd period - Shot by J.T. Miller.
8:55 of 2nd period - Stopped by John Gibson without a rebound.
8:56 of 2nd period - Nicklas Backstrom wins face-off versus Sam Gagner in RedWings zone.
9:10 of 2nd period - Shot by Anton Stralman.
9:10 of 2nd period - Stopped by John Gibson without a rebound.
9:11 of 2nd period - Valtteri Filppula wins face-off versus Sean Monahan in RedWings zone.
9:14 of 2nd period - Shot by Artem Anisimov.
9:14 of 2nd period - Stopped by John Gibson without a rebound.
9:15 of 2nd period - Nicklas Backstrom wins face-off versus Sean Monahan in RedWings zone.
9:37 of 2nd period - Off-side.
9:38 of 2nd period - Nicklas Backstrom wins face-off versus Sam Gagner in neutral zone.
9:41 of 2nd period - Shot by Jaden Schwartz.
9:41 of 2nd period - Shot Misses the Net.
9:43 of 2nd period - Shot by Zbynek Michalek.
9:43 of 2nd period - Shot Blocked by Tyler Toffoli.
9:51 of 2nd period - Shot by Nicklas Backstrom.
9:51 of 2nd period - Shot Misses the Net.
9:53 of 2nd period - Shot by Jaden Schwartz.
9:53 of 2nd period - Shot Misses the Net.
10:05 of 2nd period - Derick Brassard is hit by Eric Gryba and loses puck.
10:12 of 2nd period - Shot by Jaden Schwartz.
10:12 of 2nd period - Stopped by John Gibson with a rebound.
10:13 of 2nd period - Minor Penalty to Andrew Campbell for Roughing.
10:14 of 2nd period - Nicklas Backstrom wins face-off versus Sean Monahan in RedWings zone.
10:37 of 2nd period - Shot by Max Pacioretty.
10:37 of 2nd period - Stopped by John Gibson without a rebound.
10:38 of 2nd period - Derick Brassard wins face-off versus Sean Monahan in RedWings zone.
11:07 of 2nd period - Shot by Jaden Schwartz.
11:07 of 2nd period - Shot Misses the Net.
11:27 of 2nd period - Shot by Anton Stralman.
11:27 of 2nd period - Shot Misses the Net.
11:35 of 2nd period - Shot by Roman Josi.
11:35 of 2nd period - Shot Misses the Net.
12:29 of 2nd period - Shot by Valtteri Filppula.
12:29 of 2nd period - Stopped by John Gibson without a rebound.
12:30 of 2nd period - Mikhail Grabovski wins face-off versus Derick Brassard in RedWings zone.
12:30 of 2nd period - Mikhail Grabovski is hit by J.T. Miller.
13:01 of 2nd period - Shot by Sean Bergenheim.
13:01 of 2nd period - Stopped by Pekka Rinne without a rebound.
13:02 of 2nd period - Sam Gagner wins face-off versus Valtteri Filppula in Predators zone.
13:11 of 2nd period - Shot by Sam Gagner.
13:11 of 2nd period - Shot Misses the Net.
13:13 of 2nd period - Shot by Sam Gagner.
13:13 of 2nd period - Shot Blocked by Cody Franson.
13:27 of 2nd period - Shot by Tyler Toffoli.
13:27 of 2nd period - Stopped by Pekka Rinne without a rebound.
13:28 of 2nd period - Nicklas Backstrom wins face-off versus Andrew Cogliano in Predators zone.
14:01 of 2nd period - Shot by Max Pacioretty.
14:01 of 2nd period - Shot Blocked by Paul Martin.
15:26 of 2nd period - Icing by Andrew Campbell.
15:27 of 2nd period - Valtteri Filppula wins face-off versus Sean Monahan in RedWings zone.
15:35 of 2nd period - Icing by Loui Eriksson.
15:36 of 2nd period - Alexandre Burrows wins face-off versus Nicklas Backstrom in RedWings zone.
15:53 of 2nd period - Shot by T.J. Oshie.
15:53 of 2nd period - Shot Blocked by Kevin Connauton.
16:06 of 2nd period - Shot by Filip Forsberg.
16:06 of 2nd period - Shot Blocked by Anton Stralman.
16:08 of 2nd period - Shot by Zach Trotman.
16:08 of 2nd period - Stopped by Pekka Rinne without a rebound.
16:09 of 2nd period - Jonathan Drouin wins face-off versus Valtteri Filppula in Predators zone.
16:10 of 2nd period - Shot by Andrew Cogliano.
16:10 of 2nd period - Stopped by Pekka Rinne without a rebound.
16:11 of 2nd period - Valtteri Filppula wins face-off versus Andrew Cogliano in Predators zone.
16:48 of 2nd period - Shot by Artem Anisimov.
16:48 of 2nd period - Stopped by John Gibson without a rebound.
16:49 of 2nd period - Nicklas Backstrom wins face-off versus Sean Monahan in RedWings zone.
17:42 of 2nd period - Icing by Eric Gryba.
17:43 of 2nd period - Sean Monahan wins face-off versus Derick Brassard in RedWings zone.
17:49 of 2nd period - Alexandre Burrows is hit by J.T. Miller and loses puck.
18:20 of 2nd period - Shot by Jaden Schwartz.
18:20 of 2nd period - Goal by Jaden Schwartz - RedWings : 0 - Predators : 1.
18:21 of 2nd period - Sam Gagner wins face-off versus Valtteri Filppula in neutral zone.
18:34 of 2nd period - Shot by Filip Forsberg.
18:34 of 2nd period - Deflect By Sam Gagner.
18:34 of 2nd period - Stopped by Pekka Rinne without a rebound.
18:35 of 2nd period - Andrew Cogliano wins face-off versus Nicklas Backstrom in Predators zone.
18:35 of 2nd period - Andrew Cogliano is hit by Anton Stralman.
18:49 of 2nd period - Kevin Connauton is hit by T.J. Oshie and loses puck.
18:58 of 2nd period - Shot by Nicklas Backstrom.
18:58 of 2nd period - Stopped by John Gibson without a rebound.
18:59 of 2nd period - Sam Gagner wins face-off versus Valtteri Filppula in RedWings zone.
19:14 of 2nd period - Shot by Valtteri Filppula.
19:14 of 2nd period - Stopped by John Gibson without a rebound.
19:15 of 2nd period - Andrew Cogliano wins face-off versus T.J. Oshie in RedWings zone.
19:15 of 2nd period - Minor Penalty to T.J. Oshie for Hooking.
19:15 of 2nd period - Minor Penalty to Zach Trotman for Interference.
19:16 of 2nd period - Derick Brassard wins face-off versus Sean Monahan in RedWings zone.
19:26 of 2nd period - Icing by Filip Forsberg.
19:27 of 2nd period - Derick Brassard wins face-off versus Sean Monahan in RedWings zone.
19:30 of 2nd period - Shot by Max Pacioretty.
19:30 of 2nd period - Stopped by John Gibson without a rebound.
19:31 of 2nd period - Derick Brassard wins face-off versus Sean Monahan in RedWings zone.
19:31 of 2nd period - Derick Brassard is hit by Jake Gardiner.
19:54 of 2nd period - Icing by Jake Gardiner.
19:55 of 2nd period - Sean Monahan wins face-off versus Derick Brassard in RedWings zone.
Goals for this period are 0 for RedWings vs 1 for Predators.
Shots for this period are 10 for RedWings vs 13 for Predators.

3rd period


0:01 of 3rd period - Derick Brassard wins face-off versus Sean Monahan in neutral zone.
0:34 of 3rd period - Shot by Max Pacioretty.
0:34 of 3rd period - Shot Misses the Net.
1:08 of 3rd period - Shot by Jaden Schwartz.
1:08 of 3rd period - Shot Misses the Net.
1:15 of 3rd period - Loui Eriksson is hit by Kevin Hayes and loses puck.
1:34 of 3rd period - Minor Penalty to Kevin Hayes for High sticking.
1:35 of 3rd period - Nicklas Backstrom wins face-off versus Sean Monahan in Predators zone.
1:50 of 3rd period - Shot by Tyler Toffoli.
1:50 of 3rd period - Stopped by Pekka Rinne without a rebound.
1:51 of 3rd period - Sam Gagner wins face-off versus Nicklas Backstrom in Predators zone.
2:18 of 3rd period - Shot by Eric Gryba.
2:18 of 3rd period - Stopped by Pekka Rinne with a rebound.
2:20 of 3rd period - Shot by Andrew Campbell.
2:20 of 3rd period - Shot Misses the Net.
2:22 of 3rd period - Shot by Sam Gagner.
2:22 of 3rd period - Stopped by Pekka Rinne without a rebound.
2:23 of 3rd period - Nicklas Backstrom wins face-off versus Sean Monahan in Predators zone.
2:29 of 3rd period - Icing by Sean Monahan.
2:30 of 3rd period - Sean Monahan wins face-off versus Nicklas Backstrom in RedWings zone.
2:36 of 3rd period - Icing by Sean Monahan.
2:37 of 3rd period - Sean Monahan wins face-off versus Nicklas Backstrom in RedWings zone.
2:37 of 3rd period - Sean Monahan is hit by Cody Franson.
3:07 of 3rd period - Icing by Sean Monahan.
3:08 of 3rd period - Sean Monahan wins face-off versus Nicklas Backstrom in RedWings zone.
3:25 of 3rd period - Shot by Jake Gardiner.
3:25 of 3rd period - Shot Misses the Net.
3:27 of 3rd period - Shot by Sean Monahan.
3:27 of 3rd period - Stopped by Pekka Rinne without a rebound.
3:28 of 3rd period - Sam Gagner wins face-off versus Valtteri Filppula in Predators zone.
3:31 of 3rd period - Shot by Alexandre Burrows.
3:31 of 3rd period - Stopped by Pekka Rinne with a rebound.
3:33 of 3rd period - Shot by Filip Forsberg.
3:33 of 3rd period - Shot Blocked by Zbynek Michalek.
3:35 of 3rd period - Shot by Jonathan Drouin.
3:35 of 3rd period - Deflect By David Pastrnak.
3:35 of 3rd period - Shot Blocked by Oscar Klefbom.
3:52 of 3rd period - Andrew Cogliano is hit by Roman Josi and loses puck.
4:53 of 3rd period - Shot by Filip Forsberg.
4:53 of 3rd period - Stopped by Pekka Rinne without a rebound.
4:54 of 3rd period - Nicklas Backstrom wins face-off versus Sean Monahan in Predators zone.
5:08 of 3rd period - Icing by Paul Martin.
5:09 of 3rd period - Alexandre Burrows wins face-off versus Derick Brassard in RedWings zone.
5:09 of 3rd period - Alexandre Burrows is hit by Derick Brassard.
5:12 of 3rd period - Icing by Sean Monahan.
5:13 of 3rd period - Loui Eriksson wins face-off versus Nicklas Backstrom in RedWings zone.
5:13 of 3rd period - Loui Eriksson is hit by T.J. Oshie.
5:38 of 3rd period - Shot by Sean Monahan.
5:38 of 3rd period - Shot Misses the Net.
5:40 of 3rd period - Shot by Sean Monahan.
5:40 of 3rd period - Shot Misses the Net.
5:44 of 3rd period - Shot by Sean Monahan.
5:44 of 3rd period - Stopped by Pekka Rinne without a rebound.
5:45 of 3rd period - Derick Brassard wins face-off versus Sam Gagner in Predators zone.
5:51 of 3rd period - Icing by Sam Gagner.
5:52 of 3rd period - Derick Brassard wins face-off versus Sam Gagner in RedWings zone.
6:55 of 3rd period - Icing by Anton Stralman.
6:56 of 3rd period - Sean Monahan wins face-off versus Valtteri Filppula in Predators zone.
7:53 of 3rd period - Shot by Joe Colborne.
7:53 of 3rd period - Shot Misses the Net.
7:55 of 3rd period - Shot by Roman Josi.
7:55 of 3rd period - Shot Misses the Net.
8:11 of 3rd period - Loui Eriksson is hit by J.T. Miller and loses puck.
8:39 of 3rd period - Off-side.
8:40 of 3rd period - Sam Gagner wins face-off versus Nicklas Backstrom in neutral zone.
8:47 of 3rd period - Shot by Filip Forsberg.
8:47 of 3rd period - Stopped by Pekka Rinne without a rebound.
8:48 of 3rd period - Nicklas Backstrom wins face-off versus Sam Gagner in Predators zone.
8:48 of 3rd period - Nicklas Backstrom is hit by Tyler Toffoli.
8:55 of 3rd period - Minor Penalty to Max Pacioretty for Tripping.
8:55 of 3rd period - Double Minor Penalty to Eric Gryba for Roughing.
8:56 of 3rd period - Vincent Lecavalier wins face-off versus Derick Brassard in RedWings zone.
8:56 of 3rd period - Vincent Lecavalier is hit by Derick Brassard.
9:55 of 3rd period - Anton Stralman is hit by Andrew Cogliano and loses puck.
10:04 of 3rd period - Shot by Sean Monahan.
10:04 of 3rd period - Stopped by Pekka Rinne without a rebound.
10:05 of 3rd period - Filip Forsberg wins face-off versus T.J. Oshie in Predators zone.
11:04 of 3rd period - Shot by Cody Franson.
11:04 of 3rd period - Stopped by John Gibson with a rebound.
11:06 of 3rd period - Shot by Cody Franson.
11:06 of 3rd period - Shot Misses the Net.
11:08 of 3rd period - Shot by J.T. Miller.
11:08 of 3rd period - Stopped by John Gibson without a rebound.
11:09 of 3rd period - Sean Monahan wins face-off versus Derick Brassard in RedWings zone.
11:28 of 3rd period - Shot by Artem Anisimov.
11:28 of 3rd period - Shot Misses the Net.
11:30 of 3rd period - Shot by Artem Anisimov.
11:30 of 3rd period - Shot Blocked by Paul Martin.
11:32 of 3rd period - Shot by Cody Franson.
11:32 of 3rd period - Shot Misses the Net.
11:34 of 3rd period - Shot by Cody Franson.
11:34 of 3rd period - Shot Blocked by Paul Martin.
11:36 of 3rd period - Shot by Cody Franson.
11:36 of 3rd period - Stopped by John Gibson with a rebound.
11:38 of 3rd period - Shot by Artem Anisimov.
11:38 of 3rd period - Shot Blocked by David Pastrnak.
11:40 of 3rd period - Shot by Cody Franson.
11:40 of 3rd period - Stopped by John Gibson without a rebound.
11:41 of 3rd period - Nicklas Backstrom wins face-off versus Sean Monahan in RedWings zone.
11:42 of 3rd period - Shot by Roman Josi.
11:42 of 3rd period - Stopped by John Gibson with a rebound.
11:44 of 3rd period - Shot by Roman Josi.
11:44 of 3rd period - Shot Misses the Net.
12:51 of 3rd period - Shot by Artem Anisimov.
12:51 of 3rd period - Shot Misses the Net.
13:03 of 3rd period - Shot by Valtteri Filppula.
13:03 of 3rd period - Shot Blocked by Eric Gryba.
13:09 of 3rd period - Shot by David Pastrnak.
13:09 of 3rd period - Goal by David Pastrnak - RedWings : 1 - Predators : 1.
13:10 of 3rd period - Joe Colborne wins face-off versus Andrew Cogliano in neutral zone.
13:21 of 3rd period - Shot by Joe Colborne.
13:21 of 3rd period - Stopped by John Gibson without a rebound.
13:22 of 3rd period - Nicklas Backstrom wins face-off versus Andrew Cogliano in RedWings zone.
13:45 of 3rd period - Shot by Jonathan Drouin.
13:45 of 3rd period - Shot Blocked by Zbynek Michalek.
15:32 of 3rd period - Shot by Derick Brassard.
15:32 of 3rd period - Stopped by John Gibson with a rebound.
16:04 of 3rd period - Shot by Max Pacioretty.
16:04 of 3rd period - Stopped by John Gibson without a rebound.
16:05 of 3rd period - Sean Monahan wins face-off versus Nicklas Backstrom in RedWings zone.
16:07 of 3rd period - Icing by Loui Eriksson.
16:08 of 3rd period - Sean Monahan wins face-off versus Nicklas Backstrom in RedWings zone.
16:41 of 3rd period - Shot by Max Pacioretty.
16:41 of 3rd period - Shot Misses the Net.
16:43 of 3rd period - Shot by Zach Bogosian.
16:43 of 3rd period - Deflect By Max Pacioretty.
16:43 of 3rd period - Shot Misses the Net.
17:36 of 3rd period - Shot by Derick Brassard.
17:36 of 3rd period - Deflect By Jaden Schwartz.
17:36 of 3rd period - Shot Misses the Net.
17:38 of 3rd period - Shot by Jaden Schwartz.
17:38 of 3rd period - Goal by Jaden Schwartz - RedWings : 1 - Predators : 2.
17:39 of 3rd period - Valtteri Filppula wins face-off versus Sam Gagner in neutral zone.
18:44 of 3rd period - Shot by Sean Bergenheim.
18:44 of 3rd period - Shot Blocked by Cody Franson.
18:57 of 3rd period - Icing by Andrew Campbell.
18:58 of 3rd period - Mikhail Grabovski wins face-off versus Derick Brassard in RedWings zone.
18:58 of 3rd period - Mikhail Grabovski is hit by Derick Brassard.
19:05 of 3rd period - Andrew Campbell is hit by Zach Bogosian and loses puck.
19:15 of 3rd period - Jaden Schwartz is hit by Eric Gryba and loses puck.
19:53 of 3rd period - Off-side.
19:54 of 3rd period - Sean Monahan wins face-off versus Valtteri Filppula in neutral zone.
19:57 of 3rd period - RedWings, John Gibson is pulled from the net.
Goals for this period are 1 for RedWings vs 1 for Predators.
Shots for this period are 10 for RedWings vs 9 for Predators.